 Dungeon Crawl Stone Soup version 0.18.1-50-g88ac8fd (webtiles) character file.

252601 graki42 the Sorcerer (level 19, -12/93 HPs)
             Began as a Deep Elf Fire Elementalist on Oct 3, 2016.
             Was the Champion of Vehumet.
             Mangled by a greater naga
             ... wielding a +0 spear
              (13 damage)
             ... on level 4 of the Snake Pit on Oct 4, 2016.
             The game lasted 04:52:21 (46122 turns).

graki42 the Sorcerer (Deep Elf Fire Elementalist)  Turns: 46122, Time: 04:52:22

Health: -12/93     AC: 16    Str:  9    XL:     19   Next: 35%
Magic:  4/47       EV: 10    Int: 31    God:    Vehumet [******]
Gold:   3792       SH:  5    Dex: 15    Spells: 9 memorised, 20 levels left

rFire  + + .     SeeInvis .     s - staff of earth
rCold  + . .     Gourm    .     n - +2 robe {rF+}
rNeg   . . .     Faith    .     (no shield)
rPois  +         Spirit   .     l - +2 hat
rElec  .         Dismiss  .     q - +0 cloak {rC+}
rCorr  .         Reflect  +     o - +1 pair of gloves
SustAt .         Harm     .     f - +1 pair of boots
MR     +....                    E - +5 amulet of reflection
Stlth  +++.......               R - ring of protection from fire
                                r - ring "Uhae" {rPois EV-3 Str+4}

@: lethally poisoned (-12 -> -58), flying, very slightly contaminated,
constricted, somewhat resistant to hostile enchantments, fairly stealthy
A: molten scales 2, slimy green scales 1, clever 1, wild magic 1
a: Renounce Religion
}: 1/15 runes: decaying


You were on level 4 of the Snake Pit.
You worshipped Vehumet.
Vehumet was exalted by your worship.
You were not hungry.

You visited 6 branches of the dungeon, and saw 34 of its levels.
You also visited: Labyrinth, Ice Cave and Volcano.

You collected 4052 gold pieces.
You spent 260 gold pieces at shops.

Inventory:

Hand Weapons
 w - a +7 blowgun
 y - the +7 dagger "Mujocwot" {vamp, Int+2 SInv}
   (You bought it in a shop on level 2 of the Snake Pit)

   It inflicts no extra harm, but heals its wielder somewhat when it strikes a
   living foe.
   It affects your intelligence (+2).
   It lets you see invisible.
Missiles
 B - 13 curare-tipped needles
 S - 2 throwing nets (quivered)
Armour
 f - a +1 pair of boots (worn)
 l - a +2 hat (worn)
 n - a +2 robe of fire resistance (worn)
 o - a +1 pair of gloves (worn)
 p - a +2 robe of fire resistance
 q - a +0 cloak of cold resistance (worn)
 L - a +0 robe of cold resistance
 Q - a +0 pair of gloves
Magical Staves
 g - an uncursed staff of summoning
 s - an uncursed staff of earth (weapon)
Rods
 T - a +4 rod of ignition (10/10)
   (You took it off a minotaur in a labyrinth)
 V - a +6 rod of inaccuracy (9/9)
   (You found it in a labyrinth)
Jewellery
 a - an uncursed ring of magical power
 b - an uncursed ring of positive energy
 i - an uncursed ring of protection from cold
 r - the ring "Uhae" (left hand) {rPois EV-3 Str+4}
   (You found it on level 4 of the Lair of Beasts)

   [ring of evasion]

   It affects your evasion (-3).
   It affects your strength (+4).
   It protects you from poison.
 E - a +5 amulet of reflection (around neck)
 R - a ring of protection from fire (right hand)
Wands
 e - a wand of digging (13/24)
 t - a wand of hasting (8/9)
 x - a wand of iceblast (6/15)
 P - a wand of heal wounds (4/9)
Scrolls
 d - 11 scrolls of remove curse
 z - 8 scrolls of amnesia
 D - 3 scrolls of identify
 J - 4 scrolls of immolation
 O - 3 scrolls of fog
 U - a scroll of magic mapping
Potions
 h - 11 potions of curing
 m - 2 potions of brilliance
 v - 6 potions of haste
 F - 2 potions of cure mutation
 H - 2 potions of magic
 I - a potion of cancellation
Miscellaneous
 C - a crystal ball of energy
Comestibles
 c - 17 bread rations
 j - 3 fruits
 G - a beef jerky


   Skills:
 + Level 2.0 Fighting
   Level 0.7(0.9) Maces & Flails
 + Level 1.0(1.2) Staves
 - Level 0.4 Throwing
 + Level 8.7 Dodging
 + Level 6.8 Stealth
 + Level 22.0 Spellcasting
 + Level 16.9 Conjurations
 + Level 5.8 Hexes
 + Level 2.3 Charms
 * Level 7.4 Summonings
   Level 2.7 Translocations
 + Level 17.6 Fire Magic
   Level 0.2 Ice Magic
 * Level 13.7 Earth Magic
 + Level 2.9 Evocations


You had 20 spell levels left.
You knew the following spells:

 Your Spells              Type           Power        Failure   Level  Hunger
a - Flame Tongue          Conj/Fire      #####        1%          1    None
b - Conjure Flame         Conj/Fire      ########     1%          3    None
c - Inner Flame           Hex/Fire       #######.     1%          3    None
d - Sticky Flame          Conj/Fire      ########     1%          4    None
e - Fireball              Conj/Fire      ########..   1%          5    None
f - Bolt of Fire          Conj/Fire      ########..   1%          6    None
g - Lehudib's Crystal Sp  Conj/Erth      ########..   5%          8    ####...
h - Iskenderun's Battles  Conj/Chrm      #######.     1%          5    None
i - Spellforged Servitor  Conj/Summ      #######...   3%          7    #......


Dungeon Overview and Level Annotations

Branches:
Dungeon (15/15)            Temple (1/1) D:5            Lair (8/8) D:10
  Swamp (4/4) Lair:5        Snake (4/4) Lair:4        Slime (0/6) Lair:6
    Orc (2/2) D:11            Elf (0/3) Orc:2        Vaults (0/5) D:13
 Depths (0/5) D:15

Altars:
Ashenzari
Elyvilon
Fedhas
Gozag
Makhleb
Okawaru
Pakellas
Qazlal
Ru
Sif Muna
Vehumet
Xom
Yredelemnul
Zin
The Shining One

Shops:
Orc:2 =%*[   Snake:1 !   Snake:2 ?([

Portals:
Hell: Lair:8

Annotations:
D:4 Capuchin's ghost, amateur MiFi
Lair:7 Kronon's ghost, journeyman FoAK


Innate Abilities, Weirdness & Mutations

You are mostly covered in molten scales (AC +3, EV -1).
You are partially covered in slimy green scales (AC +2).
Your mind is acute. (Int +2)
Your spells are a little harder to cast, but a little more powerful.


Message History

The greater naga seems to speed up.
The guardian serpent hits you!!
* * * LOW HITPOINT WARNING * * *
The sea snake bites you.
* * * LOW HITPOINT WARNING * * *
You are lethally poisoned!
The sea snake poisons you!
The guardian serpent casts a spell.
The naga warrior blinks!
The naga warrior blinks into view!
The greater naga blinks!
The naga blinks!
The naga blinks into view!
You block the greater naga's attack. The greater naga grabs you.
* * * LOW HITPOINT WARNING * * *
The greater naga constricts you. The naga warrior spits poison at you.
The splash of poison hits you! You resist.
A naga comes into view. It is wielding a short sword.
You hit the greater naga but do no damage.
* * * LOW HITPOINT WARNING * * *
You feel very sick. The greater naga hits you with a spear!
You die...

...≈≈≈≈.#
.≈≈≈≈≈≈.##
.≈≈≈≈≈≈N.#
.N≈≈≈≈..≈#
.≈≈≈...≈§#
.....NN≈≈#
.≈≈≈.NNNN#
.≈≈≈N≈S@N#
##≈.≈≈≈≈≈NSS#
##≈≈.≈≈≈≈≈≈N##
#≈≈≈..N≈S≈≈N#
≈≈≈≈......#
≈≈≈.≈≈≈.##
#≈SN≈## ##..≈#
#N.#


You could see a naga warrior, 4 greater nagas, a naga sharpshooter, 3 sea
snakes, 2 guardian serpents, a naga mage and 8 nagas.

Vanquished Creatures
  Saint Roka (Snake:2)
  Vashnia (Snake:2)
  Nikola (Snake:1)
  Kirke (Snake:1)
  Agnes (Snake:1)
  3 greater nagas (Snake:3)
  4 thorn hunters
  A frost giant (IceCv)
  Maud (Orc:2)
  A stone giant (Orc:2)
  A very ugly thing (Swamp:2)
  2 dire elephants (Lair:8)
  A minotaur (Lab)
  A fire dragon (D:15)
  4 ice dragons
  Harold (D:12)
  13 naga warriors
  11 hydras
  3 ghost crabs
  4 anacondas
  2 ogre magi (Orc:2)
  14 death yaks
  A centaur warrior (D:13)
  4 alligators
  A queen ant (Lair:1)
  Nergalle (Lair:4)
  7 shock serpents
  17 naga sharpshooters
  6 sea snakes (Snake:2)
  2 unseen horrors
  A spriggan druid (Swamp:3)
  2 deep trolls (Orc:2)
  9 hill giants
  4 naga ritualists
  2 shambling mangroves
  5 swamp dragons
  4 griffons
  3 wizards
  A necromancer (Lair:6)
  A wolf spider zombie (D:15)
  9 ugly things
  4 cyclopes
  5 mana vipers
  A deep elf mage (D:13)
  7 salamanders
  A sixfirhy (Lair:8)
  3 toenail golems (Volcano)
  3 manticores
  24 elephants
  6 guardian serpents
  Joseph (D:8)
  24 black mambas
  19 naga magi
  An ice statue (IceCv)
  An orange demon (Lair:8)
  2 smoke demons
  2 molten gargoyles (Volcano)
  A centaur zombie (D:14)
  A torpor snail (Lair:3)
  22 spiny frogs
  12 rime drakes
  5 ice devils (Lair:8)
  4 freezing wraiths (Swamp:4)
  6 komodo dragons
  A hellwing (Lair:8)
  21 polar bears
  2 tengu conjurers (D:15)
  4 red devils (Lair:8)
  15 trolls
  7 two-headed ogres
  2 harpy skeletons (D:14)
  A giant leech (Swamp:3)
  11 blink frogs
  8 bog bodies
  26 slime creatures
  A boulder beetle (Lair:7)
  4 shadows
  Sigmund (D:6)
  10 spriggans
  70 yaks
  6 hogs
  10 wyverns
  3 wraiths
  4 hungry ghosts
  5 basilisks
  A fire bat (Volcano)
  10 vampire mosquitoes
  24 hippogriffs
  3 wargs
  6 swamp worm simulacra (Swamp:4)
  Edmund (D:4)
  21 swamp worms
  35 nagas
  19 insubstantial wisps
  20 soldier ants (Lair:1)
  17 water moccasins
  2 hell hounds (Lair:6)
  12 porcupines
  13 hydra simulacra (Swamp:4)
  11 orc warriors
  6 swamp drakes
  2 eyes of draining (D:12)
  4 black bears
  10 wasps
  5 sky beasts
  6 phantoms
  6 centaurs
  An ice beast (D:11)
  29 ogres
  6 necrophages
  23 wolves
  17 crocodiles
  2 big kobolds
  18 giant frogs
  2 wyvern zombies (D:10)
  2 scorpions
  11 killer bees (D:10)
  15 electric eels
  9 wights
  5 howler monkeys
  10 jellies
  13 crimson imps
  2 quasits
  A lava snake (Volcano)
  15 hounds
  3 giant frog zombies
  9 orc priests
  5 centaur skeletons
  A giant frog skeleton (D:8)
  3 basilisk zombies (Lair:6)
  9 iguanas
  22 orc wizards
  30 worker ants
  14 sheep
  A hound skeleton (D:5)
  A hound zombie (D:10)
  2 worker ant zombies
  3 gnolls (D:5)
  16 adders
  46 river rats
  2 shadow imps
  12 white imps (D:11)
  An ooze (D:3)
  2 swamp drake simulacra (Swamp:4)
  An adder skeleton (D:7)
  2 worms
  3 giant geckos
  70 orcs
  2 ball pythons
  11 bats
  5 giant cockroaches
  5 hobgoblins
  13 jackals
  11 kobolds
  6 quokkas
  A giant gecko zombie (D:5)
  10 giant newts
  7 goblins
  A jackal skeleton (D:4)
  A quokka zombie (D:6)
  3 rats
  5 bushes
  8 fungi
  8 plants
1289 creatures vanquished.

Vanquished Creatures (collateral kills)
  A catoblepas (D:15)
  An ugly thing (D:15)
2 creatures vanquished.

Vanquished Creatures (others)
  An azure jelly (Swamp:4)
  A hydra (Swamp:4)
  An alligator (Swamp:4)
  A cyclops (Orc:2)
  A giant leech (Swamp:4)
  A bog body (Swamp:4)
  A human (Snake:1)
  2 swamp worms (Swamp:4)
  A bush (Lair:8)
  34 fungi
  22 plants
66 creatures vanquished.

Grand Total: 1357 creatures vanquished

Notes
Turn   | Place    | Note
--------------------------------------------------------------
     0 | D:1      | graki42 the Deep Elf Fire Elementalist began the quest for the Orb.
     0 | D:1      | Reached XP level 1. HP: 10/10 MP: 6/6
   271 | D:1      | Reached XP level 2. HP: 15/15 MP: 6/8
   998 | D:2      | Reached XP level 3. HP: 18/19 MP: 4/9
  1003 | D:2      | Learned a level 3 spell: Conjure Flame
  1007 | D:2      | Learned a level 3 spell: Inner Flame
  1598 | D:3      | Reached XP level 4. HP: 13/24 MP: 8/11
  1708 | D:3      | Noticed a black bear
  1718 | D:3      | Killed a black bear
  1718 | D:3      | Reached skill level 4 in Spellcasting
  1718 | D:3      | Reached XP level 5. HP: 26/28 MP: 5/13
  2120 | D:4      | Noticed an ogre
  2127 | D:4      | Noticed Capuchin's ghost (amateur MiFi)
  2149 | D:5      | Entered Level 5 of the Dungeon
  2255 | D:5      | Found an iron altar of Okawaru.
  2299 | D:5      | Noticed a phantom
  2343 | D:5      | Killed a phantom
  2343 | D:5      | Reached skill level 5 in Fire Magic
  2343 | D:5      | Reached XP level 6. HP: 20/32 MP: 3/15
  2423 | D:4      | Noticed Edmund
  2484 | D:5      | Reached skill level 5 in Spellcasting
  2484 | D:5      | Reached skill level 1 in Hexes
  2905 | D:5      | Reached XP level 7. HP: 36/36 MP: 11/17
  2979 | D:5      | Found a staircase to the Ecumenical Temple.
  3075 | Temple   | Entered the Ecumenical Temple
  3083 | Temple   | Became a worshipper of Vehumet
  3161 | D:5      | Reached skill level 6 in Spellcasting
  3210 | D:5      | Gained mutation: You are weak. (Str -2) [mutagenic meat]
  3211 | D:5      | Gained mutation: You evolve. [mutagenic meat]
  3347 | D:4      | Killed Edmund
  3392 | D:4      | Reached skill level 5 in Dodging
  3392 | D:4      | Reached XP level 8. HP: 39/42 MP: 7/20
  3425 | D:4      | Learned a level 4 spell: Sticky Flame
  3431 | D:4      | Learned a level 5 spell: Fireball
  3451 | D:4      | Reached skill level 7 in Spellcasting
  3667 | D:4      | Gained mutation: You are partially covered in slimy green scales (AC +2). [evolution]
  4162 | D:5      | Got a thick robe
  4177 | D:5      | Identified the cursed +1 robe of Axtics {Str+5} (You found it on level 5 of the Dungeon)
  4184 | D:5      | Reached skill level 5 in Conjurations
  4189 | D:5      | Reached skill level 1 in Fighting
  4301 | D:6      | Reached * piety under Vehumet
  4301 | D:6      | Offered knowledge of Shock by Vehumet.
  4301 | D:6      | Reached skill level 8 in Spellcasting
  4564 | D:6      | Gained mutation: You are frail (-10% HP). [mutagenic meat]
  4565 | D:6      | Gained mutation: Your spells are a little harder to cast, but a little more powerful. [mutagenic meat]
  4568 | D:6      | Lost mutation: You are weak. (Str -2) [mutagenic meat]
  4589 | D:6      | Noticed Sigmund
  4596 | D:6      | Reached XP level 9. HP: 42/42 MP: 4/23
  4597 | D:6      | Killed Sigmund
  4900 | D:6      | Reached skill level 9 in Spellcasting
  5626 | D:7      | Offered knowledge of Throw Frost by Vehumet.
  5635 | D:7      | Learned a level 2 spell: Throw Frost
  5680 | D:7      | Reached ** piety under Vehumet
  6101 | D:8      | Noticed Joseph
  6468 | D:8      | Reached skill level 10 in Spellcasting
  6688 | D:8      | Offered knowledge of Searing Ray by Vehumet.
  7001 | D:8      | Killed Joseph
  7204 | D:8      | Found a white marble altar of Elyvilon.
  7208 | D:8      | Found a sacrificial altar of Ru.
  7317 | D:8      | Reached XP level 10. HP: 37/46 MP: 23/26
  7469 | D:8      | Found a glowing silver altar of Zin.
  7558 | D:8      | Reached skill level 11 in Spellcasting
  7679 | D:9      | Reached *** piety under Vehumet
  7738 | D:9      | Found an oddly glowing altar of Pakellas.
  7741 | D:9      | Found a shattered altar of Ashenzari.
  7741 | D:9      | Found a glowing golden altar of the Shining One.
  7838 | D:9      | Found an opulent altar of Gozag.
  8288 | D:9      | Learned a level 2 spell: Searing Ray
  8416 | D:9      | Offered knowledge of Force Lance by Vehumet.
  8422 | D:9      | Learned a level 4 spell: Force Lance
  8550 | D:10     | Entered Level 10 of the Dungeon
  8550 | D:10     | Found a huge runed gate.
  8550 | D:10     | Found a huge runed gate.
  8550 | D:10     | Found a huge runed gate.
  8551 | D:10     | Found a huge runed gate.
  8574 | D:10     | Noticed a hill giant
  8581 | D:10     | Killed a hill giant
  8581 | D:10     | Reached skill level 12 in Spellcasting
  8736 | D:10     | Noticed a hill giant
  8742 | D:10     | Killed a hill giant
  8835 | D:10     | Got a twisted plate armour
  8846 | D:10     | Identified the +8 plate armour of the Sunfish {rF++ rC+ Str-2} (You found it on level 10 of the Dungeon)
  8858 | D:10     | Reached skill level 10 in Fire Magic
  8868 | D:10     | Noticed a griffon
  9011 | D:10     | Reached skill level 5 in Stealth
  9017 | D:10     | Reached **** piety under Vehumet
  9017 | D:10     | Reached XP level 11. HP: 50/50 MP: 2/29
  9166 | D:10     | Offered knowledge of Throw Icicle by Vehumet.
  9324 | D:10     | Reached skill level 13 in Spellcasting
  9326 | D:10     | Found a staircase to the Lair.
  9571 | D:10     | Killed a griffon
 10170 | D:10     | Noticed a hill giant
 10173 | D:10     | Killed a hill giant
 10847 | Lair:1   | Entered Level 1 of the Lair of Beasts
 10968 | Lair:1   | Reached ***** piety under Vehumet
 10968 | Lair:1   | Offered knowledge of Lightning Bolt by Vehumet.
 11228 | Lair:1   | Reached skill level 1 in Translocations
 11445 | Lair:1   | Noticed a queen ant
 11687 | Lair:1   | Reached skill level 10 in Conjurations
 11752 | Lair:1   | Reached skill level 14 in Spellcasting
 12095 | Lair:1   | Reached XP level 12. HP: 54/54 MP: 23/32
 12227 | Lair:1   | Killed a queen ant
 13223 | Lair:2   | Learned a level 6 spell: Bolt of Fire
 13359 | Lair:2   | Got a thick robe
 13370 | Lair:2   | Identified the +1 robe "Pyov" {+Fly Slay+3} (You found it on level 2 of the Lair of Beasts)
 14013 | Lair:3   | Reached skill level 15 in Spellcasting
 14021 | Lair:3   | Gained mutation: Your body sometimes deteriorates upon taking damage. [evolution]
 14035 | Lair:3   | Noticed a death yak
 14036 | Lair:3   | Noticed a death yak
 14037 | Lair:3   | Noticed a death yak
 14037 | Lair:3   | Noticed a death yak
 14233 | Lair:3   | Noticed a death yak
 14233 | Lair:3   | Noticed a death yak
 14235 | Lair:3   | Noticed a death yak
 14235 | Lair:3   | Killed a death yak
 14237 | Lair:3   | Noticed a death yak
 14240 | Lair:3   | Killed a death yak
 14241 | Lair:3   | Killed a death yak
 14242 | Lair:3   | Killed a death yak
 14243 | Lair:3   | Killed a death yak
 14389 | Lair:3   | Killed a death yak
 14509 | Lair:3   | Noticed a five-headed hydra
 14514 | Lair:3   | Reached skill level 5 in Hexes
 14573 | Lair:3   | Killed a five-headed hydra
 14693 | Lair:3   | Reached skill level 16 in Spellcasting
 14702 | Lair:3   | Reached XP level 13. HP: 37/58 MP: 4/35
 15204 | Lair:4   | Noticed Nergalle
 15206 | Lair:4   | Killed Nergalle
 15327 | Lair:4   | Lost mutation: You are frail (-10% HP). [evolution]
 15413 | Lair:4   | Found a staircase to the Snake Pit.
 16070 | Lair:4   | Got a vibrating tin ring
 16318 | Lair:4   | Offered knowledge of Iskenderun's Battlesphere by Vehumet.
 16702 | Lair:5   | Found a staircase to the Swamp.
 17044 | Lair:5   | Identified the cursed ring "Uhae" {rPois EV-3 Str+4} (You found it on level 4 of the Lair of Beasts)
 17732 | Lair:6   | Reached skill level 17 in Spellcasting
 18852 | Lair:6   | Learned a level 5 spell: Iskenderun's Battlesphere
 18936 | Lair:6   | Gained mutation: Your mind is acute. (Int +2) [evolution]
 19087 | Lair:6   | Reached XP level 14. HP: 68/71 MP: 27/37
 19266 | Lair:6   | Reached skill level 1 in Evocations
 19306 | Lair:6   | Reached skill level 18 in Spellcasting
 19428 | Lair:6   | Found a staircase to the Slime Pits.
 19429 | Lair:6   | Offered knowledge of Poisonous Cloud by Vehumet.
 20214 | Lair:6   | Lost mutation: Your body sometimes deteriorates upon taking damage. [evolution]
 20504 | D:11     | Found a frozen archway.
 20518 | IceCv    | Entered an ice cave
 20613 | IceCv    | Reached skill level 15 in Fire Magic
 21328 | IceCv    | Noticed a frost giant
 21341 | IceCv    | Killed a frost giant
 21342 | IceCv    | Offered knowledge of Conjure Ball Lightning by Vehumet.
 22379 | D:11     | Found a staircase to the Orcish Mines.
 22494 | D:11     | Reached skill level 19 in Spellcasting
 22914 | Orc:1    | Entered Level 1 of the Orcish Mines
 22916 | Orc:1    | Gained mutation: You are partially covered in molten scales (AC +1). [potion of beneficial mutation]
 23110 | Orc:2    | Entered Level 2 of the Orcish Mines
 23120 | Orc:2    | Found a dark tunnel.
 23133 | Volcano  | Entered a volcano
 23728 | Volcano  | Found a burning altar of Makhleb.
 24183 | Orc:2    | Reached skill level 1 in Charms
 24188 | Orc:2    | Noticed a stone giant
 24341 | Orc:2    | Noticed Maud
 24792 | Lair:7   | Noticed Kronon's ghost (journeyman FoAK)
 24815 | Lair:8   | Entered Level 8 of the Lair of Beasts
 25357 | Lair:7   | Gained mutation: You are mostly covered in molten scales (AC +3, EV -1). [evolution]
 25357 | Lair:7   | Lost mutation: You evolve. [end of evolution]
 25366 | Lair:7   | Reached XP level 15. HP: 75/75 MP: 27/40
 26871 | Lair:8   | Reached ****** piety under Vehumet
 27109 | Lair:8   | Found a burning altar of Makhleb.
 27121 | Lair:8   | Reached skill level 20 in Spellcasting
 27333 | Lair:8   | Offered knowledge of Ozocubu's Refrigeration by Vehumet.
 27498 | Lair:8   | Found a gateway to Hell.
 28122 | Orc:2    | Found Isohiss's General Store.
 28520 | Orc:2    | Reached skill level 15 in Conjurations
 28984 | Orc:2    | Found Gedifan's Armour Shoppe.
 29592 | Orc:2    | Found Qiurch's Food Boutique.
 29608 | Orc:2    | Found Muanlik's Jewellery Emporium.
 29652 | Orc:2    | Found a staircase to the Elven Halls.
 29715 | Orc:2    | Killed Maud
 30026 | Orc:2    | Bought a slice of pizza for 15 gold pieces
 30290 | D:12     | Offered knowledge of Poison Arrow by Vehumet.
 30791 | D:12     | Noticed Harold
 30795 | D:12     | Killed Harold
 31278 | D:13     | Reached XP level 16. HP: 80/80 MP: 18/42
 31742 | D:13     | Learned a level 8 spell: Lehudib's Crystal Spear
 32098 | D:13     | Found a gate to the Vaults.
 32311 | D:14     | Reached skill level 1 in Earth Magic
 32314 | D:14     | Offered knowledge of Spellforged Servitor by Vehumet.
 32400 | D:14     | Found a labyrinth entrance.
 32409 | Lab      | Entered a labyrinth
 32653 | Lab      | Got a shimmering leather armour
 32684 | Lab      | Identified the +2 leather armour "Xusotyjoir" {rF- Str+6} (You found it in a labyrinth)
 32696 | Lab      | Identified a +4 rod of ignition (10/10) (You took it off a minotaur in a labyrinth)
 32697 | Lab      | Identified a +6 rod of inaccuracy (9/9) (You found it in a labyrinth)
 33050 | Swamp:1  | Entered Level 1 of the Swamp
 33159 | Swamp:1  | Learned a level 7 spell: Spellforged Servitor
 33969 | Swamp:2  | Noticed a thorn hunter
 33971 | Swamp:2  | Killed a thorn hunter
 34099 | Swamp:2  | Reached skill level 5 in Earth Magic
 34160 | Swamp:2  | Noticed a thorn hunter
 34162 | Swamp:2  | Killed a thorn hunter
 37134 | Swamp:3  | Noticed a thorn hunter
 37136 | Swamp:3  | Killed a thorn hunter
 37140 | Swamp:3  | Reached skill level 10 in Earth Magic
 37357 | Swamp:4  | Entered Level 4 of the Swamp
 38060 | Swamp:4  | Offered knowledge of Fire Storm by Vehumet.
 38060 | Swamp:4  | Offered knowledge of Shatter by Vehumet.
 38060 | Swamp:4  | Offered knowledge of Tornado by Vehumet.
 38219 | Swamp:4  | Noticed a thorn hunter
 38223 | Swamp:4  | Killed a thorn hunter
 38516 | Swamp:4  | Reached XP level 17. HP: 84/84 MP: 35/43
 38526 | Swamp:4  | Reached skill level 1 in Staves
 38660 | Swamp:4  | Got a decaying rune of Zot
 39169 | Snake:1  | Entered Level 1 of the Snake Pit
 39169 | Snake:1  | Noticed Kirke
 39181 | Snake:1  | Killed Kirke
 39242 | Snake:1  | Reached skill level 1 in Summonings
 40085 | D:15     | Entered Level 15 of the Dungeon
 40118 | D:15     | Found a staircase to the Depths.
 40748 | Snake:1  | Noticed Agnes
 40756 | Snake:1  | Killed Agnes
 40756 | Snake:1  | Reached skill level 21 in Spellcasting
 40939 | Snake:1  | Got a shadowed robe
 40950 | Snake:1  | Identified the +2 robe "Gigexehu" {Dex+7} (You found it on level 1 of the Snake Pit)
 41183 | Snake:1  | Found Argheo's Distillery.
 41401 | Snake:1  | Noticed Nikola
 41408 | Snake:1  | Killed Nikola
 42055 | Snake:2  | Found Zofifer's Magic Scroll Boutique.
 42230 | Snake:2  | Reached skill level 5 in Summonings
 42230 | Snake:2  | Reached XP level 18. HP: 67/89 MP: 25/45
 42340 | Snake:2  | Found Joegh's Antique Armour Shoppe.
 42539 | Snake:2  | Found Lusotz's Antique Weapon Shop.
 42546 | Snake:2  | Bought a smoking dagger for 245 gold pieces
 42546 | Snake:2  | Identified the +7 dagger "Mujocwot" {vamp, Int+2 SInv} (You bought it in a shop on level 2 of the Snake Pit)
 42641 | Snake:2  | Noticed Vashnia
 42649 | Snake:2  | HP: 3/89 [Vashnia/arrow (3)]
 43102 | Snake:2  | Killed Vashnia
 43723 | Snake:2  | Noticed Saint Roka
 43748 | Snake:2  | Killed Saint Roka
 44548 | Snake:2  | Reached XP level 19. HP: 93/93 MP: 29/46
 46040 | Snake:4  | Entered Level 4 of the Snake Pit
 46084 | Snake:4  | Reached skill level 22 in Spellcasting
 46122 | Snake:4  | HP: 1/93 [poisoned by a sea snake]
 46122 | Snake:4  | Mangled by a greater naga

Skill      XL: |  1  2  3  4  5  6  7  8  9 10 11 12 13 14 15 16 17 18 19 |
---------------+----------------------------------------------------------+-----
Fire Magic     | 4 5 6 7 9 10 11 13 14 15 16 17 | 17.6
Dodging        | 3 4 5 6 7 8 |  8.7
Stealth        | 3 4 5 6 |  6.8
Spellcasting   | 4 5 6 8 10 12 14 16 17 19 20 21 22 | 22.0
Conjurations   | 2 3 4 5 6 8 10 11 12 14 15 16 | 16.9
Hexes          | 1 2 4 5 |  5.8
Fighting       | 1 2 |  2.0
Translocations | 1 2 |  2.7
Evocations     | 1 2 |  2.9
Charms         | 1 2 |  2.3
Earth Magic    | 11 13 | 13.7
Staves         | 1 |  1.0
Summonings     | 5 6 7 |  7.4
Maces & Flails | |  0.7
Throwing       | |  0.4
Ice Magic      | |  0.2

Action                   |  1- 3 |  4- 6 |  7- 9 | 10-12 | 13-15 | 16-18 | 19-21 || total
-------------------------+-------+-------+-------+-------+-------+-------+-------++-------
Melee: Short sword       |     4 |     3 |       |       |       |       |       ||     7
       Mace              |       |     9 |       |       |       |       |       ||     9
       Flail             |       |       |    31 |     5 |     9 |    23 |       ||    68
       Staff             |       |       |       |       |       |     1 |     2 ||     3
 Fire: Blowgun           |       |       |       |       |     5 |     9 |       ||    14
Throw: Throwing net      |       |       |       |       |       |     4 |       ||     4
 Cast: Flame Tongue      |    65 |    62 |   251 |   130 |    70 |    72 |       ||   650
       Conjure Flame     |     1 |     5 |     8 |    17 |     4 |     4 |       ||    39
       Inner Flame       |       |     3 |    11 |    24 |    14 |     9 |     1 ||    62
       Sticky Flame      |       |       |    18 |    27 |    17 |    17 |       ||    79
       Throw Frost       |       |       |    10 |     5 |       |       |       ||    15
       Fireball          |       |       |     4 |   128 |   232 |   185 |    52 ||   601
       Searing Ray       |       |       |       |     7 |       |       |       ||     7
       Force Lance       |       |       |       |     8 |    36 |     1 |       ||    45
       Bolt of Fire      |       |       |       |    22 |   282 |   234 |    27 ||   565
       Iskenderun's Batt |       |       |       |       |    22 |    17 |       ||    39
       Lehudib's Crystal |       |       |       |       |       |    20 |     5 ||    25
       Spellforged Servi |       |       |       |       |       |     2 |     1 ||     3
Evoke: Wand              |       |       |     2 |       |     3 |     2 |     6 ||    13
       Rod               |       |       |       |       |       |     4 |       ||     4
  Use: Scroll            |     9 |     1 |     5 |    14 |    24 |    19 |     5 ||    77
       Potion            |       |       |     1 |     6 |     7 |     7 |     1 ||    22
 Stab: Sleeping          |       |     1 |       |       |     1 |       |       ||     2
       Held in net/web   |       |       |       |       |       |     2 |       ||     2
  Eat: Chunk             |     2 |     3 |    25 |    31 |    44 |    21 |     6 ||   132
       Royal jelly       |       |       |       |     1 |     1 |     1 |       ||     3
       Bread ration      |       |       |       |       |     2 |     2 |       ||     4
       Fruit             |       |       |       |       |     1 |    11 |     1 ||    13
       Beef jerky        |       |       |       |       |     1 |       |       ||     1
       Pizza             |       |       |       |       |     1 |       |       ||     1
       Meat ration       |       |       |       |       |       |     1 |       ||     1
Armor: Robe              |     6 |     6 |    27 |    21 |    16 |    42 |     6 ||   124
Dodge: Dodged            |    25 |    36 |   105 |    65 |    63 |    88 |     8 ||   390
Block: Other             |       |       |       |     1 |    17 |    24 |     8 ||    50
       Reflection        |       |       |       |       |     4 |     2 |     1 ||     7
